 Dungeon Crawl Stone Soup version 0.31.0-11-ge490571c62 (webtiles) character file.

Game seed: 11489034102421529984

41 howech the Changeling (level 3, 0/23 HPs)
             Began as an Octopode Shapeshifter on Feb 4, 2024.
             Slain by a goblin
             ... wielding a +0 club
             ... led by Robin
              (4 damage)
             ... on level 2 of the Dungeon.
             The game lasted 00:02:50 (1021 turns).

howech the Changeling (Octopode Shapeshifter)       Turns: 1021, Time: 00:02:50

Health: 0/23       AC:  1    Str: 13    XL:     3   Next: 52%
Magic:  3/3        EV: 13    Int: 12    God:
Gold:   102        SH:  0    Dex: 13    Spells: 2/2 levels left

rFire   . . .        h - +0 short sword
rCold   . . .        (no shield)
rNeg    . . .        (helmet currently unavailable)
rPois   .            (no amulet)
rElec   .            (no ring)
rCorr   .            (no ring)
SInv    .            (no ring)
Will    .....        (no ring)
Stlth   +++          (no ring)
HPRegen 0.23/turn    (no ring)
MPRegen 0.08/turn    (no ring)
                     (no ring)

%: no passive effects
@: beast-form
A: beast (slay +1), almost no armour, amphibious, 8 rings, camouflage 1,
gelatinous body 1, (nimble swimmer 1), tentacles
a: Begin Untransformation


You were on level 2 of the Dungeon.
You were a hulking beast.
You visited 1 branch of the dungeon, and saw 3 of its levels.

You collected 102 gold pieces.

Inventory:

Hand Weapons
 h - a +0 short sword (weapon)
Missiles
 i - 6 curare-tipped darts (quivered)
Talismans
 b - a beast talisman
 c - a flux talisman
Scrolls
 d - a scroll of fog {unknown}
 e - a scroll of vulnerability {unknown}
 f - a scroll of identify {unknown}
 g - a scroll of amnesia {unknown}
 j - a scroll of enchant weapon {unknown}
Potions
 a - a potion of lignification
 k - a potion of berserk rage {unknown}


   Skills:
 + Level 1.5 Fighting
 + Level 0.4 Short Blades
 + Level 2.3 Dodging
 + Level 1.2 Stealth
 + Level 3.1 Unarmed Combat
 + Level 0.4 Spellcasting
 * Level 3.3 Shapeshifting


You had 2 spell levels left.
You didn't know any spells.
Your spell library was empty.

Dungeon Overview and Level Annotations

Branches:
Dungeon (3/15)

Altars:


Innate Abilities, Weirdness & Mutations

You are a hulking beast.
Your limbs bulge with bestial killing power. (Slay +1)
You cannot wear most types of armour.
You are amphibious.
You can wear up to eight rings at the same time.
Your skin changes colour to match your surroundings (Stealth+).
Your rubbery body absorbs attacks. (AC +1, EV +1)
((You are camouflaged when in or above water. (Stealth+)))
You have tentacles for arms and can constrict up to eight enemies at once.


Message History

Unknown command.
You hit Robin but do no damage. You squeeze Robin.
Robin is heavily wounded.
You constrict Robin. The goblin hits you with a +0 club.
Robin roars a battlecry!
The goblins go into a battle-frenzy!
You hear a shout!
Unknown command.
You hit the goblin. Your grab misses the goblin.
The goblin is heavily wounded.
You constrict Robin, but do no damage.
You hear a shout!
The goblin barely misses you. Robin throws the goblin at you!
Unknown command.
You hit Robin.
Robin is almost dead.
You constrict Robin, but do no damage. The goblin closely misses you. x2
Robin closely misses you.
Unknown command.
You hit Robin but do no damage.
You tentacle-slap Robin, but do no damage.
Robin is almost dead.
You constrict Robin.
You kill Robin!
The goblin hits you but does no damage. The goblin misses you.
Unknown command.
You hit the goblin. You grab the goblin. Your squeeze misses the goblin.
The goblin is heavily wounded.
You constrict the goblin. The goblin misses you. The goblin closely misses you.
The goblin hits you with a +0 club.
Unknown command.
You barely miss the goblin. Your grab misses the goblin.
Your squeeze misses the goblin. You constrict the goblin.
You kill the goblin!
The goblin hits you with a +0 club! The goblin hits you with a +0 club.
* * * LOW HITPOINT WARNING * * *
A goblin comes into view. It is wielding a +0 dagger.
Unknown command.
The goblin misses you. The goblin hits you with a +0 club.
You die...

..#. ##........##.#
###..#
##......###.#######
....#
#................. #
#..##
##g#.....##.#######
##.##...###...........#
.g.g.......###.....####
#####...#### ##.#.##
#..†#######)#g#
#..........gh.#
#.(........g###
.......#########
.....### ######


You could see 4 goblins.

Vanquished Creatures
  Robin (D:2)
  A dart slug (D:1)
  2 ball pythons
  2 endoplasms (D:2)
  A giant cockroach (D:1)
  5 goblins
  4 hobgoblins
  2 quokkas
  A bat (D:1)
  4 frilled lizards
  3 kobolds (D:1)
  A rat (D:1)
27 creatures vanquished.

Notes
Turn   | Place    | Note
-------+----------+-------------------------------------------
     0 | D:1      | howech the Octopode Shapeshifter began the quest for the
                  | Orb.
     0 | D:1      | Reached XP level 1. HP: 13/13 MP: 1/1
    96 | D:1      | Reached XP level 2. HP: 15/18 MP: 2/2
   910 | D:2      | Reached skill level 1 in Stealth
   910 | D:2      | Reached XP level 3. HP: 16/23 MP: 3/3
   910 | D:2      | Noticed Robin
  1018 | D:2      | Killed Robin
  1021 | D:2      | Slain by a goblin

Illustrated notes

Levels and vault maps discovered:
D:1:      dpeg_arrival_lava_temple_mockup, layout_basic, minmay_distorted
D:2:      layout_loops_ring, shapermc_ecumenical_altar_pompeii, st_stairs_13,
          uniq_robin
D:3:      layout_loops_corners, yredelemnul_altar_generic, uniq_ijyb

Skill      XL: |  1  2 |
---------------+-------+-----
Stealth        | 1 |  1.2
Fighting       | |  1.5
Short Blades   | |  0.4
Dodging        | |  2.3
Unarmed Combat | |  3.1
Spellcasting   | |  0.4
Shapeshifting  | |  3.3

Action                     || total
---------------------------++-------
  Melee: Unarmed           ||    31
         Constrict         ||    12
         Tentacles         ||     7
         Punch             ||     2
         Short sword       ||    28
   Stab: Sleeping          ||     5
 Armour: Skin              ||    24
  Dodge: Dodged            ||    43
